 Dungeon Crawl Stone Soup version 0.25-a0-631-gc915619 (webtiles) character file.

Game seed: 5526425602084128337, levelgen mode: deterministic

227 Faca the Skirmisher (level 6, -1/51 HPs)
             Began as a Human Fighter on Mar 18, 2020.
             Killed by divine providence
             ... invoked by an orc priest
              (14 damage)
             ... on level 3 of the Dungeon.
             The game lasted 00:06:31 (3072 turns).

Faca the Skirmisher (Human Fighter)                 Turns: 3072, Time: 00:06:32

Health: -1/51      AC: 12    Str: 18    XL:     6   Next: 22%
Magic:  6/6        EV:  4    Int:  8    God:
Gold:   148        SH: 10    Dex: 13    Spells: 5/5 levels left

rFire    . . .     SeeInvis .   a - +1 long sword
rCold    . . .     Gourm    .   c - +1 kite shield
rNeg     . . .     Faith    .   i - +0 chain mail
rPois    .         Spirit   .   (no helmet)
rElec    .         Reflect  .   p - +0 cloak
rCorr    .         Harm     .   o - +0 pair of gloves
MR       .....                  k - +0 pair of boots
Stlth    ..........             (no amulet)
HPRegen  0.17/turn              (no ring)
MPRegen  0.10/turn              (no ring)

@: no status effects
A: no striking features
a: no special abilities


You were on level 3 of the Dungeon.
You were not hungry.

You visited 1 branch of the dungeon, and saw 3 of its levels.

You collected 148 gold pieces.

Inventory:

Hand Weapons
 a - a +1 long sword (weapon)
Armour
 c - a +1 kite shield (worn)
 i - a +0 chain mail (worn)
 k - a +0 pair of boots (worn)
 o - a +0 pair of gloves (worn)
 p - a +0 cloak (worn)
Scrolls
 b - a scroll of fog
 g - 3 scrolls of remove curse
 m - a scroll of enchant weapon
 n - a scroll of teleportation {unknown}
 q - a scroll of fear
Potions
 d - a potion of might
 e - a potion of lignification
 h - a potion of brilliance
 j - a potion of stabbing {unknown}
 l - a potion of heal wounds {unknown}
Comestibles
 f - 2 rations
 r - a chunk of flesh


   Skills:
 + Level 5.0 Fighting
 + Level 4.4 Long Blades
 - Level 3.0 Armour
 - Level 3.0 Shields


You had 5 spell levels left.
You didn't know any spells.
Your spell library contained the following spells:

 Spells                   Type           Power        Failure   Level  Hunger
 Beastly Appendage        Tmut           #.....       100%        1    ##.....
 Sticks to Snakes         Tmut           #.......     100%        2    ###....
 Spider Form              Tmut/Pois      #.........   100%        3    ####...
 Ice Form                 Ice/Tmut       #.......     100%        4    #####..
 Blade Hands              Tmut           #.........   100%        5    ######.


Dungeon Overview and Level Annotations

Branches:
Dungeon (3/15)

Altars:
Gozag
Nemelex Xobeh


Message History

The orc wizard hits you but does no damage.
The orc warrior barely misses you.
Your shield prevents you from hitting the orc wizard.
The orc wizard completely misses you.
You riposte.
You slash the orc wizard!
The orc wizard is heavily wounded.
The orc priest hits you with a +0 short sword.
You block the orc wizard's attack.
The orc warrior hits you from afar with a +0 glaive!
The orc priest calls upon Beogh to heal the orc wizard.
The orc wizard is healed somewhat.
The orc wizard casts a spell at you. The puff of flame hits you.
You block the orc warrior's attack.
The orc priest hits you but does no damage.
The orc wizard hits you but does no damage.
The orc wizard gestures at you while chanting.
The puff of frost hits you!
* * * LOW HITPOINT WARNING * * *
The orc priest invokes the aid of Beogh against you.
Beogh smites you!
You die...

#.##.##..###.##########.#
#........###.# #.#
####.###.....##### #.#
####.#######.....# #.# #.......#
#.....# ##.###### #.##.##.#
#.....# ##.......# #.##.##.#
#.....# #.....##.# #.##.##.#
#.....# ##....##.# #.##.##.#
###@### #....##.#
#.##.##.######.# #.#####o#
#.............o# #.# ##.#
#.##.##.###....## #########.<#
###.##.##.##....o.# #.......####
....##......>....o###..§§†..#..#
###.#####.##....)...#..§§§..##.#
###.......##..#.....'..≈§§..'..##
.##.#####.....:...#.#..§§≈..#....


You could see an orc warrior, an orc priest and an orc wizard.

Vanquished Creatures
  A bullfrog (D:3)
  Terence (D:3)
  6 adders
  3 oozes
  2 worms (D:2)
  2 dart slugs (D:1)
  An orc (D:3)
  2 giant cockroaches (D:2)
  4 goblins
  10 hobgoblins
  5 jackals (D:2)
  7 kobolds
  3 quokkas
  2 ball pythons
  8 bats
  6 rats
63 creatures vanquished.

Notes
Turn   | Place    | Note
-------+----------+-------------------------------------------
     0 | D:1      | Faca the Human Fighter began the quest for the Orb.
     0 | D:1      | Reached XP level 1. HP: 18/18 MP: 1/1
   123 | D:1      | Reached XP level 2. HP: 19/24 MP: 2/2
   359 | D:1      | Reached XP level 3. HP: 29/29 MP: 3/3
  1475 | D:2      | Reached XP level 4. HP: 23/37 MP: 4/4
  1621 | D:2      | Reached skill level 4 in Fighting
  1966 | D:2      | Found a sparkling altar of Nemelex Xobeh.
  1967 | D:2      | Found an opulent altar of Gozag.
  2219 | D:3      | Noticed Terence
  2239 | D:3      | Killed Terence
  2239 | D:3      | Reached XP level 5. HP: 43/43 MP: 5/5
  2425 | D:3      | Noticed an orc warrior
  2806 | D:3      | Noticed a bullfrog
  2814 | D:3      | Killed a bullfrog
  2814 | D:3      | Reached XP level 6. HP: 41/50 MP: 6/6
  2938 | D:3      | Reached skill level 5 in Fighting
  3072 | D:3      | Killed from afar by an orc priest

Levels and vault maps discovered:
D:1:      matt_arrival_refuge, layout_basic, minmay_cupped
D:2:      layout_basic, grunt_temple_overflow_opulence,
          kennysheep_generic_room_15
D:3:      layout_loops_cross, kennysheep_generic_room_11, uniq_terence

Skill      XL: |  1  2  3  4  5  6 |
---------------+-------------------+-----
Long Blades    | 3 4 |  4.4
Fighting       | 4 5 |  5.0
Armour         | |  3.0
Shields        | |  3.0

Action                   |  1- 3 |  4- 6 || total
-------------------------+-------+-------++-------
Melee: Long sword        |   127 |   127 ||   254
  Use: Scroll            |     2 |     6 ||     8
  Eat: Chunk             |     2 |     5 ||     7
Armor: Scale mail        |    52 |       ||    52
       Chain mail        |    22 |    82 ||   104
Dodge: Dodged            |    43 |    19 ||    62
Block: Kite shield       |    67 |    82 ||   149
       Rpst.: Long sword |    12 |     8 ||    20

Table legend:
 A = Non-vault XP
 B = Vault XP
 C = Vault XP percentage of total XP
 D = Non-vault monster count
 E = Vault monster count
 F = Vault count percentage of total count
                 A         B        C        D         E       F
            +---------+---------+-------+---------+---------+-------
      Total |     286 |      39 |  12.0 |      61 |       2 |   3.2
            +---------+---------+-------+---------+---------+-------
        D:1 |      34 |       1 |   2.9 |      18 |       1 |   5.3
        D:2 |      84 |       0 |   0.0 |      28 |       0 |   0.0
        D:3 |     168 |      38 |  18.4 |      15 |       1 |   6.2
            +---------+---------+-------+---------+---------+-------
